 Dungeon Crawl Stone Soup version 0.25-a0-36-g303dd5b1f4 (webtiles) character file.

Game seed: 2196782563026543323, levelgen mode: deterministic

471 Flugkiller the Sneak (level 7, -5/45 HPs)
             Began as an Octopode Enchanter on Oct 20, 2019.
             Slain by a wight
             ... wielding a +4 short sword of freezing
              (7 damage)
             ... on level 6 of the Dungeon.
             The game lasted 00:11:45 (3917 turns).

Flugkiller the Sneak (Octopode Enchanter)           Turns: 3917, Time: 00:11:46

Health: -5/45      AC:  1    Str:  7    XL:     7   Next: 9%
Magic:  4/11       EV: 18    Int: 20    God:
Gold:   273        SH:  0    Dex: 17    Spells: 6/12 levels left

rFire    . . .     SeeInvis .   e - +2 dagger (distort)
rCold    . . .     Gourm    .   (no shield)
rNeg     . . .     Faith    .   o - +0 hat
rPois    .         Spirit   .   (no amulet)
rElec    .         Reflect  .   (no ring)
rCorr    .         Harm     .   (no ring)
MR       .....                  (no ring)
Stlth    +++++.....             (no ring)
HPRegen  0.15/turn              (no ring)
MPRegen  0.12/turn              (no ring)
                                (no ring)
                                (no ring)

@: agile, lightly drained
A: almost no armour, stealthy swim, amphibious, 8 rings, constrict 8, camouflage
1, gelatinous body 1
a: no special abilities


You were on level 6 of the Dungeon.
You were hungry.

You visited 1 branch of the dungeon, and saw 5 of its levels.
You also visited: Sewer.

You collected 273 gold pieces.

Inventory:

Hand Weapons
 a - a +1 dagger
 e - a +2 dagger of distortion (weapon)
   (You took it off a goblin on level 1 of the Dungeon)
Missiles
 b - 17 poisoned darts
 d - 5 javelins (quivered)
 s - 4 boomerangs
Armour
 o - a +0 hat (worn)
   (You found it on level 2 of the Dungeon)
Jewellery
 f - a +3 ring of protection {unknown}
   (You found it on level 4 of the Dungeon)
Wands
 h - a wand of clouds (4)
   (You found it on level 3 of the Dungeon)
 q - a wand of iceblast (7)
   (You found it on level 3 of the Dungeon)
Scrolls
 g - a scroll of random uselessness {unknown}
 j - a scroll of enchant weapon {unknown}
 p - a scroll of teleportation {unknown}
 r - a scroll of remove curse {unknown}
 w - a scroll of blinking {unknown}
Potions
 i - 3 potions of mutation
 k - a potion of agility
 l - a potion of invisibility {unknown}
 m - 2 potions of curing
 n - a potion of flight {unknown}
 t - a potion of berserk rage
 u - a potion of magic {unknown}
 v - a potion of heal wounds {unknown}
 x - a potion of lignification {unknown}
Comestibles
 c - 14 rations


   Skills:
 - Level 2.3(2.0) Fighting
 - Level 4.0(3.7) Short Blades
 - Level 2.0(1.7) Dodging
 - Level 5.0(4.7) Stealth
 + Level 3.1(2.8) Spellcasting
 - Level 5.0(4.7) Hexes


You had 6 spell levels left.
You knew the following spells:

 Your Spells              Type           Power        Failure   Level  Hunger
a - Corona                Hex            ###....      2%          1    None
b - Ensorcelled Hibernat  Hex/Ice        ##....       9%          2    ##.....
c - Confuse               Hex            ###.....     6%          3    ###....

Your spell library contained the following spells:

 Spells                   Type           Power        Failure   Level  Hunger
 Tukima's Dance           Hex            ###.....     6%          3    ###....
 Dazzling Spray           Conj/Hex       ##....       17%         3    ###....


Dungeon Overview and Level Annotations

Branches:
Dungeon (4/15)              Sewer (visited)
 Temple: D:4-7

Altars:
Dithmenos
Fedhas
Gozag
Zin
The Shining One

Annotations:
Abyss:1 Purgy


Innate Abilities, Weirdness & Mutations

You cannot wear most types of armour.
You are very stealthy in the water. (Stealth+)
You are amphibious.
You can wear up to eight rings at the same time.
You can use your tentacles to constrict eight enemies at once.
Your skin changes colour to match your surroundings (Stealth+).
Your rubbery body absorbs attacks. (AC +1, EV +1)


Message History

The centaur shoots an arrow.
The arrow hits you!
You open the door.
The centaur shoots an arrow.
The arrow misses you.
Unknown command.
There is an open door here.
Unknown command.
Things that are here:
a +0 dagger; a +0 robe; an orc corpse Unknown command.
You start resting.
The centaur is too close now for your liking.
You closely miss the centaur.
The centaur unwields a +0 shortbow.
The centaur barely misses you.
You hit the centaur but do no damage.
Space bends around the centaur.
The centaur is lightly wounded.
The centaur hits you!
* * * LOW HITPOINT WARNING * * *
You barely miss the centaur.
The centaur is lightly wounded.
The centaur closely misses you.
Unknown command.
You closely miss the centaur. Your squeeze misses the centaur.
The centaur is lightly wounded.
The centaur barely misses you.
Unknown command.
You hit the centaur.
The centaur looks slightly unstable.
You squeeze the centaur.
The centaur is heavily wounded.
The wight closely misses you. The centaur completely misses you.
Unknown command.
You hit the centaur but do no damage.
The centaur is heavily wounded.
The centaur hits you!
* * * LOW HITPOINT WARNING * * *
The wight barely misses you.
You hit the centaur.
Space bends around the centaur.
The centaur is severely wounded.
The centaur disappears!
The wight hits you with a +4 short sword of freezing.
* * * LOW HITPOINT WARNING * * *
You feel drained.
* * * LOW HITPOINT WARNING * * *
The wight freezes you.
* * * LOW HITPOINT WARNING * * *
The centaur wields a +0 shortbow.
The centaur shoots an arrow.
The arrow completely misses you.
It was a potion of agility.
You feel agile all of a sudden.
The centaur shoots an arrow.
The arrow completely misses you.
The wight hits you with a +4 short sword of freezing!
You die...

#....##.....#
#....##.....#
#...........#
#...........#
#...........# .
#..().......# . ...
#..([...c...#..
....###'###...c.'..
......†)z@#z....#..
.........§#.....#
..........'.....#
....>.)...#c....+
.....^....#######
...........
....#+####.. ....
... ... ....


You could see a centaur and a wight.

Vanquished Creatures
  A wight (D:6)
  A centaur skeleton (D:4)
  3 orc wizards
  A worker ant (D:4)
  Robin (D:2)
  A gnoll (D:1)
  6 adders
  2 dart slugs (D:1)
  2 worms (D:2)
  3 leopard geckos
  6 orcs
  18 bats
  6 giant cockroaches
  13 goblins
  11 hobgoblins
  15 jackals
  2 quokkas
  7 frilled lizards
  A jackal skeleton (D:4)
  7 kobolds
  9 rats
116 creatures vanquished.

Vanquished Creatures (others)
  A giant cockroach (D:3)
1 creature vanquished.

Grand Total: 117 creatures vanquished

Notes
Turn   | Place    | Note
-------+----------+-------------------------------------------
     0 | D:1      | Flugkiller the Octopode Enchanter began the quest for the
                  | Orb.
     0 | D:1      | Reached XP level 1. HP: 11/11 MP: 3/3
    27 | D:1      | This is absurd.
    27 | D:1      | First, I die to a D:8 wizard that woke up from orcs
                  | shouting, that I saw for the first time, something I had
                  | absolutely no control over
    27 | D:1      | Now it's this amazing D:1 start with, hear this, a gnoll, a
                  | jackal pack, one kobold and one hobgoblin
    27 | D:1      | Nice meme.
   245 | D:1      | Reached skill level 1 in Fighting
   363 | D:1      | Reached XP level 2. HP: 18/18 MP: 1/5
   419 | D:1      | Reached skill level 5 in Stealth
   687 | D:1      | Unsurprisingly, survived partly due to luck.
   904 | D:1      | Reached XP level 3. HP: 19/23 MP: 6/6
   935 | D:1      | Learned a level 2 spell: Ensorcelled Hibernation
   939 | D:1      | Learned a level 3 spell: Confuse
   968 | D:1      | This is actually hilarious now
   968 | D:1      | There's a goblin with a distortion dagger
   968 | D:1      | Good thing I'm past XL1
  1087 | D:1      | ok, this time I definitely was an idiot
  1244 | D:1      | Well, time to shit on the dungeon with this dagger
  1951 | D:2      | Reached XP level 4. HP: 28/28 MP: 7/7
  2034 | D:2      | Found a blossoming altar of Fedhas.
  2567 | D:2      | Reached XP level 5. HP: 33/33 MP: 8/8
  2588 | D:2      | Noticed Robin
  2627 | D:2      | Killed Robin
  2977 | D:3      | Found a shadowy altar of Dithmenos.
  3012 | D:3      | Found a glowing golden altar of the Shining One.
  3012 | D:3      | Found a glowing silver altar of Zin.
  3032 | D:3      | Found a glowing drain.
  3047 | D:3      | Reached skill level 5 in Hexes
  3073 | Sewer    | Entered a sewer
  3112 | Sewer    | Noticed Purgy
  3131 | Sewer    | Banished Purgy
  3131 | Sewer    | Reached XP level 6. HP: 26/39 MP: 3/9
  3290 | D:3      | Found an opulent altar of Gozag.
  3856 | D:4      | You fall into a shaft and drop 2 floors!
  3901 | D:6      | Reached XP level 7. HP: 44/45 MP: 2/11
  3916 | D:6      | HP: 2/45 [wight/+4 short sword of freezing (2)]
  3917 | D:6      | Slain by a wight

Levels and vault maps discovered:
D:1:      minmay_arrival_stair_chambers, layout_basic, item_on_display_a
D:2:      layout_basic, fedhas_ov_isle_minmay, uniq_robin
D:3:      layout_rooms, nicolae_overflow_hidden_temple, lemuel_round_altar,
          gup_sewer_entry_glass, grunt_ministairs_9
D:4:      layout_basic, lemuel_coloured_pillars_altar, first_ration
D:6:      layout_gridville, minmay_temple_entry_fiery, water_boxes_lemuel

Skill      XL: |  1  2  3  4  5  6 |
---------------+-------------------+-----
Fighting       | 1 2 |  2.3
Stealth        | 5 |  5.0
Short Blades   | 2 4 |  4.0
Hexes          | 4 5 |  5.0
Spellcasting   | 3 |  3.1
Dodging        | |  2.0

Action                   |  1- 3 |  4- 6 |  7- 9 || total
-------------------------+-------+-------+-------++-------
Melee: Dagger            |    74 |   149 |     8 ||   231
       Constrict         |    17 |    32 |       ||    49
       Tentacles         |     8 |    14 |     1 ||    23
Throw: Javelin           |     4 |       |       ||     4
 Cast: Corona            |     8 |       |       ||     8
       Ensorcelled Hiber |     4 |     1 |       ||     5
       Confuse           |       |     5 |       ||     5
Evoke: Wand              |       |     3 |       ||     3
  Use: Scroll            |     1 |     3 |       ||     4
       Potion            |       |       |     1 ||     1
 Stab: Sleeping          |     8 |    18 |       ||    26
  Eat: Chunk             |     4 |     6 |       ||    10
Armor: Skin              |    19 |    14 |       ||    33
Dodge: Dodged            |    92 |    80 |    10 ||   182

Table legend:
 A = Non-vault XP
 B = Vault XP
 C = Vault XP percentage of total XP
 D = Non-vault monster count
 E = Vault monster count
 F = Vault count percentage of total count
                 A         B        C        D         E       F
            +---------+---------+-------+---------+---------+-------
      Total |     472 |     202 |  30.0 |      95 |      23 |  19.5
            +---------+---------+-------+---------+---------+-------
        D:1 |      71 |       0 |   0.0 |      35 |       0 |   0.0
        D:2 |      95 |      36 |  27.5 |      32 |      12 |  27.3
        D:3 |      20 |      31 |  60.8 |      12 |       5 |  29.4
        D:4 |     141 |       0 |   0.0 |      10 |       0 |   0.0
        D:6 |     145 |       0 |   0.0 |       6 |       0 |   0.0
      Sewer |       0 |     135 | 100.0 |       0 |       6 | 100.0
            +---------+---------+-------+---------+---------+-------
